 Dungeon Crawl Stone Soup version 0.21.1-1-g345015f (webtiles) character file.

216 Mirai the Covered (level 5, -2/47 HPs)
             Began as a Minotaur Fighter on Mar 20, 2018.
             Killed by nerve-wracking pain
             ... invoked by a shadow imp
              (7 damage)
             ... on level 4 of the Dungeon.
             The game lasted 00:07:28 (2746 turns).

Mirai the Covered (Minotaur Fighter)                Turns: 2746, Time: 00:07:29

Health: -2/47      AC: 11    Str: 26    XL:     5   Next: 61%
Magic:  4/4        EV:  7    Int:  5    God:
Gold:   190        SH: 10    Dex: 10    Spells: 4/4 levels left

rFire    + . .     SeeInvis .   a - +0 war axe
rCold    . . .     Gourm    .   c - +0 shield
rNeg     . . .     Faith    .   q - +0 chain mail
rPois    +         Spirit   .   (helmet restricted)
rElec    .         Reflect  .   (no cloak)
rCorr    .         Harm     .   (no gloves)
MR       .....                  t - +0 pair of boots
Stlth    ..........             (no amulet)
HPRegen  0.15/turn              e - ring of poison resistance
MPRegen  0.09/turn              k - ring of protection from fire

@: mighty, very slow
A: retaliatory headbutt, horns 2
a: no special abilities


You were on level 4 of the Dungeon.
You were not hungry.

You visited 1 branch of the dungeon, and saw 4 of its levels.

You collected 190 gold pieces.

Inventory:

Hand Weapons
 a - a +0 war axe (weapon)
Armour
 c - a +0 shield (worn)
 q - a +0 chain mail (worn)
 t - a +0 pair of boots (worn)
Jewellery
 e - a ring of poison resistance (left hand)
 k - a ring of protection from fire (right hand)
Wands
 d - a wand of paralysis (11)
 s - a wand of random effects (28)
Scrolls
 b - a scroll of remove curse {unknown}
 h - 4 scrolls of identify {unknown}
 i - 2 scrolls of enchant weapon {unknown}
 l - a scroll of teleportation {unknown}
 m - a scroll of blinking {unknown}
 n - a scroll of immolation {unknown}
 r - a scroll of fear {unknown}
Potions
 g - 2 potions of heal wounds {unknown}
 j - a potion of resistance {unknown}
 p - 2 potions of lignification {unknown}
Comestibles
 f - 10 rations


   Skills:
 + Level 4.5 Fighting
 + Level 4.5 Axes
 + Level 5.1 Armour
 * Level 2.6 Dodging
 - Level 3.6 Shields


You had 4 spell levels left.
You didn't know any spells.

Dungeon Overview and Level Annotations

Branches:
Dungeon (4/15)
 Temple: D:4-7

Altars:

Annotations:
D:4 1 transporter


Innate Abilities, Weirdness & Mutations

You reflexively headbutt those who attack you in melee.
You have a pair of horns on your head.


Message History

The shadow imp gestures at you. Pain shoots through your body!
The orc priest invokes the aid of Beogh against you.
Pain shoots through your body! The shadow imp puffs mist at you.
You enter the shallow water.
Moving in this stuff is going to be slow.
Why would you want to do that?
Your unstable footing causes you to fumble your attack.
The shadow imp gestures at you. Pain shoots through your body!
The shadow imp gestures at you.
You barely resist.
The orc priest calls down the wrath of Beogh upon you.
Beogh smites you!
* * * LOW HITPOINT WARNING * * *
The shadow imp sputters.
The shadow imp gestures at you. Pain shoots through your body!
You die...

## #........$## .##
##..........# ..#
##...........#
..####.#..........#######
...##...................#
#.......###############.#
#....#..#8P#.5.5o..#≈8#.#
##..#...#P.#≈≈≈≈≈≈≈#.P#.##
#..#...#..#..≈≈@..#.$#..## ..
#.##.)©#©.'..≈♣≈..+/©#©..#....
##.#....#..#..≈P≈..#.$#........
...#....#P.#≈≈≈≈≈≈≈#.P#.##.#...
..##....#8P#...o5..#≈8#.# .# ..
..#.....###############.#.## .
..#.......................#
..#.........############...#
#.........### ...#


You could see 2 orc priests and 3 shadow imps.

Vanquished Creatures
  A phantom (D:4)
  4 gnolls (D:2)
  An adder (D:4)
  A worm (D:2)
  2 dart slugs
  A leopard gecko (D:2)
  An orc (D:3)
  A giant cockroach (D:1)
  9 goblins
  3 hobgoblins
  15 jackals
  A ball python (D:4)
  11 bats
  2 frilled lizards
  8 kobolds
  5 rats
66 creatures vanquished.

Notes
Turn   | Place    | Note
-------+----------+-------------------------------------------
     0 | D:1      | Mirai the Minotaur Fighter began the quest for the Orb.
     0 | D:1      | Reached XP level 1. HP: 19/19 MP: 0/0
   157 | D:1      | Reached XP level 2. HP: 27/27 MP: 1/1
   218 | D:1      | Reached skill level 1 in Dodging
   243 | D:1      | Reached skill level 4 in Armour
   792 | D:2      | Reached XP level 3. HP: 32/33 MP: 2/2
   907 | D:2      | Reached XP level 4. HP: 17/40 MP: 3/3
  2460 | D:4      | Noticed a phantom
  2490 | D:4      | Killed a phantom
  2490 | D:4      | Reached skill level 5 in Armour
  2490 | D:4      | Reached XP level 5. HP: 26/47 MP: 4/4
  2506 | D:4      | Found a transporter.
  2585 | D:4      | Found a transporter.
  2746 | D:4      | Killed from afar by a shadow imp

Skill      XL: |  1  2  3  4 |
---------------+-------------+-----
Dodging        | 1 2 |  2.6
Armour         | 4 5 |  5.1
Fighting       | 4 |  4.5
Axes           | 3 4 |  4.5
Shields        | |  3.6

Action                   |  1- 3 |  4- 6 || total
-------------------------+-------+-------++-------
Melee: War axe           |    54 |    86 ||   140
       Headbutt          |    10 |    11 ||    21
  Use: Potion            |       |     1 ||     1
  Eat: Chunk             |       |     6 ||     6
Armor: Scale mail        |    44 |    24 ||    68
       Chain mail        |       |    23 ||    23
Dodge: Dodged            |    31 |    28 ||    59
Block: Shield            |    42 |    56 ||    98
